3L
D.C. DIVIDED @ WIZARDING EXPRESS
07/30/2023
 
TOP OF THE 1ST
D.C. Divided batting - Pitching for Wizarding Express : RHP Henry Hall
Pitching: RHP Henry Hall
Batting: RHB Tony Romero 0-0: Ground out 4-3 (Groundball, 4)
Batting: RHB Brett Robinson 0-0: Called Strike
0-1: Called Strike
0-2: Ball
1-2: Ball
2-2: Ground out 5-3 (Groundball, 56S)
Batting: LHB Ray Sears 0-0: Called Strike
0-1: Foul Ball, location: 2F
0-2: Strikes out swinging
Top of the 1st over - 0 run(s), 0 hit(s), 0 error(s), 0 left on base; D.C. 0 - Wizarding 0
BOTTOM OF THE 1ST
Wizarding Express batting - Pitching for D.C. Divided : LHP Leslie Brooks
Pitching: LHP Leslie Brooks
Batting: LHB Nathan Tanner 0-0: Called Strike
0-1: Ball
1-1: DOUBLE (Line Drive, 7LM)
Batting: RHB Nathan Clay 0-0: Called Strike
0-1: Ball
1-1: Ball
Nathan Tanner is caught stealing 3rd base
2-1: SINGLE (Line Drive, 56D)
Batting: SHB Eiji Suzuki 0-0: Ball
1-0: Foul Ball, location: 2F
1-1: Swinging Strike
1-2: Strikes out swinging
Batting: LHB Júlio Valentín 0-0: Ball
1-0: Fly out, F9 (Flyball, 9D)
Bottom of the 1st over - 0 run(s), 2 hit(s), 0 error(s), 1 left on base; D.C. 0 - Wizarding 0
TOP OF THE 2ND
D.C. Divided batting - Pitching for Wizarding Express : RHP Henry Hall
Batting: LHB Mike Gardner 0-0: Called Strike
0-1: Ball
1-1: Ball
2-1: Ball
3-1: Base on Balls
Batting: RHB Miguel Silva 0-0: Ball
1-0: Ball
2-0: Ball
3-0: Called Strike
3-1: Fly out, F5 (Line Drive, 5)
3-1: Fly out, F5 (Line Drive, 5)
Batting: LHB Charles Mathes 0-0: Fly out, F7 (Line Drive, 7S)
Batting: RHB Lúcio López 0-0: Foul Ball, location: 2F
0-1: Called Strike
0-2: Fly out, F9 (Flyball, 89D)
Top of the 2nd over - 0 run(s), 0 hit(s), 0 error(s), 1 left on base; D.C. 0 - Wizarding 0
BOTTOM OF THE 2ND
Wizarding Express batting - Pitching for D.C. Divided : LHP Leslie Brooks
Batting: RHB Rafael Arredondo 0-0: Foul Ball, location: 2F
0-1: Called Strike
0-2: Foul Ball, location: 2F
0-2: Ball
1-2: Foul Ball, location: 2F
1-2: Foul Ball, location: 2F
1-2: Ball
2-2: Ball
3-2: Base on Balls
Batting: RHB António Martínez 0-0: 2-RUN HOME RUN (Flyball, 78XD), Distance : 369 ft
Batting: RHB Turner Coleman 0-0: Called Strike
0-1: Called Strike
0-2: Ball
1-2: Ball
2-2: Fly out, F3 (Popup, 3F)
Batting: RHB Tenshin Ichikawa 0-0: Hit by Pitch
Batting: LHB Chris Thurman 0-0: Called Strike
0-1: Ball
1-1: Ball
2-1: SINGLE (Line Drive, 89S)
Tenshin Ichikawa to second
Batting: LHB Nathan Tanner 0-0: Called Strike
0-1: Fielders Choice at 2nd, 3-6 (Groundball, 34)
Tenshin Ichikawa to third
Batting: RHB Nathan Clay 0-0: Called Strike
0-1: Swinging Strike
0-2: Ball
1-2: Ground out 3-1 (Groundball, 34)
Bottom of the 2nd over - 2 run(s), 2 hit(s), 0 error(s), 2 left on base; D.C. 0 - Wizarding 2
TOP OF THE 3RD
D.C. Divided batting - Pitching for Wizarding Express : RHP Henry Hall
Batting: SHB Félix Cruz 0-0: Called Strike
0-1: Foul Ball, location: 2F
0-2: Ball
1-2: Ball
2-2: SINGLE (Line Drive, 6D)
Batting: RHB Cristo González 0-0: Foul Ball, location: 2F
0-1: Foul Ball, location: 2F
0-2: Foul Ball, location: 2F
0-2: Foul Ball, location: 2F
0-2: 2-RUN HOME RUN (Line Drive, 7LD), Distance : 339 ft
Batting: RHB Tony Romero 0-0: Ball
1-0: Foul Ball, location: 2F
1-1: Foul Ball, location: 2F
1-2: SINGLE (Line Drive, 56D)
Batting: RHB Brett Robinson 0-0: Swinging Strike
0-1: Ball
1-1: 2-RUN HOME RUN (Flyball, 7D), Distance : 372 ft
Batting: LHB Ray Sears 0-0: Ball
1-0: Swinging Strike
1-1: Foul Ball, location: 2F
1-2: Ball
2-2: Foul Ball, location: 2F
2-2: Ground out 3-1 (Groundball, 3)
Batting: LHB Mike Gardner 0-0: Swinging Strike
0-1: Called Strike
0-2: Strikes out looking
Batting: RHB Miguel Silva 0-0: Swinging Strike
0-1: Foul Ball, location: 2F
0-2: Strikes out swinging
Top of the 3rd over - 4 run(s), 4 hit(s), 0 error(s), 0 left on base; D.C. 4 - Wizarding 2
BOTTOM OF THE 3RD
Wizarding Express batting - Pitching for D.C. Divided : LHP Leslie Brooks
Batting: SHB Eiji Suzuki 0-0: Ball
1-0: Ball
2-0: Called Strike
2-1: Ball
3-1: Called Strike
3-2: Base on Balls
Batting: LHB Júlio Valentín 0-0: SINGLE (Groundball, 34D)
Eiji Suzuki to second
Runner from 2nd tries for 3rd, SAFE, throw made to third
Batting: RHB Rafael Arredondo 0-0: Ball
1-0: Ball
2-0: SINGLE (Line Drive, 4MD)
Eiji Suzuki scores
Júlio Valentín to second
Runner from 2nd tries for 3rd, SAFE, throw made to third
Batting: RHB António Martínez 0-0: Called Strike
0-1: Ball
1-1: Called Strike
1-2: Ball
2-2: Ball
3-2: Fly out, F7 (Flyball, 7LM)
Batting: RHB Turner Coleman 0-0: Called Strike
0-1: Ball
1-1: Ball
2-1: Fly out, F7 (Flyball, 7M)
Runner from 3rd tags up, SCORES, throw made
Batting: RHB Tenshin Ichikawa 0-0: Ball
1-0: Fielders Choice at 2nd, 6-4 (Groundball, 6)
Bottom of the 3rd over - 2 run(s), 2 hit(s), 0 error(s), 0 left on base; D.C. 4 - Wizarding 4
TOP OF THE 4TH
D.C. Divided batting - Pitching for Wizarding Express : RHP Henry Hall
Batting: LHB Charles Mathes 0-0: Fly out, F9 (Flyball, 89XD)
Batting: RHB Lúcio López 0-0: Ball
1-0: SINGLE (Groundball, 56D)
Batting: SHB Félix Cruz 0-0: Swinging Strike
0-1: Ball
Wild Pitch!
Lúcio López to second
1-1: Ball
2-1: Foul Ball, location: 2F
2-2: 2-RUN HOME RUN (Flyball, 89XD), Distance : 382 ft
Pitching: RHP Victor Burgess
Batting: RHB Cristo González 0-0: Called Strike
0-1: SINGLE (Line Drive, 6M)
Batting: RHB Tony Romero 0-0: Ball
1-0: Fly out, F8 (Flyball, 8LD)
Batting: RHB Brett Robinson 0-0: Ball
Cristo González steals 2nd base
1-0: Ball
2-0: Ball
3-0: Base on Balls
Batting: LHB Ray Sears 0-0: Ball
1-0: Fly out, F8 (Popup, 89S)
Top of the 4th over - 2 run(s), 3 hit(s), 0 error(s), 2 left on base; D.C. 6 - Wizarding 4
BOTTOM OF THE 4TH
Wizarding Express batting - Pitching for D.C. Divided : LHP Leslie Brooks
Batting: LHB Chris Thurman 0-0: Ball
1-0: Called Strike
1-1: Swinging Strike
1-2: SOLO HOME RUN (Flyball, 9LD), Distance : 331 ft
Batting: LHB Nathan Tanner 0-0: Called Strike
0-1: Ball
1-1: Fly out, F7 (Flyball, 78D)
Batting: RHB Nathan Clay 0-0: Called Strike
0-1: Ground out 6-3 (Groundball, 6M)
Batting: SHB Eiji Suzuki 0-0: Foul Ball, location: 2F
0-1: Ball
1-1: Fly out, F9 (Flyball, 9LS)
Bottom of the 4th over - 1 run(s), 1 hit(s), 0 error(s), 0 left on base; D.C. 6 - Wizarding 5
TOP OF THE 5TH
D.C. Divided batting - Pitching for Wizarding Express : RHP Victor Burgess
Batting: LHB Mike Gardner 0-0: Ball
1-0: Foul Ball, location: 2F
1-1: Ball
2-1: Ball
3-1: Called Strike
3-2: Base on Balls
Batting: RHB Miguel Silva 0-0: Ball
1-0: Ball
2-0: Ball
3-0: Called Strike
3-1: Fly out, F8 (Flyball, 8LS)
Batting: LHB Charles Mathes 0-0: Called Strike
0-1: Called Strike
0-2: Strikes out looking
Batting: RHB Lúcio López 0-0: Ball
1-0: Fly out, F7 (Line Drive, 78S)
Top of the 5th over - 0 run(s), 0 hit(s), 0 error(s), 1 left on base; D.C. 6 - Wizarding 5
BOTTOM OF THE 5TH
Wizarding Express batting - Pitching for D.C. Divided : LHP Leslie Brooks
Batting: LHB Júlio Valentín 0-0: Called Strike
0-1: Swinging Strike
0-2: Ball
1-2: Strikes out swinging
Batting: RHB Rafael Arredondo 0-0: Called Strike
0-1: Foul Ball, location: 2F
0-2: Fly out, F9 (Flyball, 9LM)
Batting: RHB António Martínez 0-0: Ball
1-0: SINGLE (Line Drive, 56D)
Batting: RHB Turner Coleman 0-0: Ball
1-0: Ball
2-0: Called Strike
2-1: Ball
3-1: TRIPLE (Flyball, 9LD)
António Martínez scores
Pitching: RHP Sozen Raikatuji
Batting: RHB Tenshin Ichikawa 0-0: Called Strike
0-1: Ball
1-1: Called Strike
1-2: Ball
2-2: Ball
3-2: Strikes out looking
Bottom of the 5th over - 1 run(s), 2 hit(s), 0 error(s), 1 left on base; D.C. 6 - Wizarding 6
TOP OF THE 6TH
D.C. Divided batting - Pitching for Wizarding Express : RHP Victor Burgess
Batting: SHB Félix Cruz 0-0: Ball
1-0: Called Strike
1-1: Ball
2-1: Foul Ball, location: 2F
2-2: Ball
3-2: Foul Ball, location: 2F
3-2: Foul Ball, location: 2F
3-2: Base on Balls
Batting: RHB Cristo González 0-0: Bunted foul
0-1: Bunted foul
0-2: Ball
Passed Ball!
Félix Cruz to second
1-2: Ball
2-2: Ball
3-2: Base on Balls
Batting: RHB Tony Romero 0-0: Reached on error, E2 (Groundball, 25)
Félix Cruz scores
Cristo González to third
Batting: RHB Brett Robinson 0-0: Called Strike
0-1: SINGLE (Line Drive, 34)
Cristo González scores
Tony Romero to third
Pitching: LHP Ming-jiang Wu
Batting: LHB Ray Sears 0-0: Ball
1-0: Ball
2-0: Called Strike
2-1: Called Strike
2-2: Ball
3-2: Base on Balls
Brett Robinson to second
Batting: LHB Mike Gardner 0-0: Called Strike
0-1: Ball
1-1: Foul Ball, location: 2F
1-2: Ball
2-2: Foul Ball, location: 2F
2-2: Ball
3-2: Fly out, F8 (Flyball, 8LM)
Runner from 3rd tags up, SCORES, no throw
Batting: RHB Miguel Silva 0-0: Ball
1-0: Foul Ball, location: 2F
1-1: Foul Ball, location: 2F
1-2: Grounds into double play, 5-4-3 (Groundball, 5)
Top of the 6th over - 3 run(s), 1 hit(s), 1 error(s), 1 left on base; D.C. 9 - Wizarding 6
BOTTOM OF THE 6TH
Wizarding Express batting - Pitching for D.C. Divided : RHP Sozen Raikatuji
Batting: LHB Chris Thurman 0-0: Called Strike
0-1: Foul Ball, location: 2F
0-2: Strikes out looking
Batting: LHB Nathan Tanner 0-0: Called Strike
0-1: Ball
1-1: Ground out 6-3 (Groundball, 6)
Batting: RHB Nathan Clay 0-0: Ball
1-0: SINGLE (Groundball, 4MD)
Batting: SHB Eiji Suzuki 0-0: Ball
1-0: Foul Ball, location: 2F
1-1: Called Strike
1-2: Ball
Nathan Clay steals 2nd base
2-2: SINGLE (Line Drive, 89M)
Nathan Clay to third
Runner from 3rd tries for Home, SAFE, no throw or cutoff
Batting: LHB Júlio Valentín 0-0: Ball
1-0: Ball
Eiji Suzuki steals 2nd base
2-0: Called Strike
2-1: Ball
3-1: Ground out 3-6 (Groundball, 3L)
Bottom of the 6th over - 1 run(s), 2 hit(s), 0 error(s), 1 left on base; D.C. 9 - Wizarding 7
TOP OF THE 7TH
D.C. Divided batting - Pitching for Wizarding Express : LHP Ming-jiang Wu
Batting: LHB Charles Mathes 0-0: SINGLE (Line Drive, 6D)
Batting: RHB Lúcio López 0-0: Called Strike
0-1: Ball
Wild Pitch!
Charles Mathes to second
1-1: Intentional Walk
Batting: SHB Félix Cruz 0-0: Bunted foul
0-1: Bunted foul
0-2: Strikes out swinging
Batting: RHB Cristo González 0-0: Called Strike
0-1: Called Strike
0-2: Strikes out swinging
Batting: RHB Tony Romero 0-0: Called Strike
0-1: Ball
1-1: Foul Ball, location: 2F
1-2: Strikes out swinging
Top of the 7th over - 0 run(s), 1 hit(s), 0 error(s), 2 left on base; D.C. 9 - Wizarding 7
BOTTOM OF THE 7TH
Wizarding Express batting - Pitching for D.C. Divided : RHP Sozen Raikatuji
Batting: RHB Rafael Arredondo 0-0: Foul Ball, location: 2F
0-1: Ball
1-1: Ground out 6-3 (Groundball, 6)
Batting: RHB António Martínez 0-0: Called Strike
0-1: Ball
1-1: SINGLE (Line Drive, 4D)
Batting: RHB Turner Coleman 0-0: Called Strike
0-1: Fly out, F7 (Line Drive, 7LM)
Batting: RHB Tenshin Ichikawa 0-0: Called Strike
António Martínez steals 2nd base
0-1: Ball
1-1: SINGLE (Flyball, 9LS)
António Martínez to third
Runner from 3rd tries for Home, throw and OUT!
Bottom of the 7th over - 0 run(s), 2 hit(s), 0 error(s), 1 left on base; D.C. 9 - Wizarding 7
TOP OF THE 8TH
D.C. Divided batting - Pitching for Wizarding Express : LHP Ming-jiang Wu
Batting: RHB Brett Robinson 0-0: Ball
1-0: Foul Ball, location: 2F
1-1: Ground out 6-3 (Groundball, 56)
Batting: LHB Ray Sears 0-0: Ground out U3 (Groundball, 3S)
Batting: LHB Ramón García 0-0: Foul Ball, location: 2F
0-1: Foul Ball, location: 2F
0-2: Foul Ball, location: 2F
0-2: Foul Ball, location: 2F
0-2: Strikes out swinging
Top of the 8th over - 0 run(s), 0 hit(s), 0 error(s), 0 left on base; D.C. 9 - Wizarding 7
BOTTOM OF THE 8TH
Wizarding Express batting - Pitching for D.C. Divided : RHP Sozen Raikatuji
Now in RF: Ramón García
Batting: LHB Chris Thurman 0-0: Ball
1-0: Ground out 4-3 (Groundball, 4)
Batting: LHB Nathan Tanner 0-0: Foul Ball, location: 2F
0-1: Called Strike
0-2: Reached on error, E6 (Groundball, 6)
Pitching: RHP Myron Snow
Batting: RHB Nathan Clay 0-0: Called Strike
0-1: Swinging Strike
0-2: Ball
1-2: Foul Ball, location: 2F
1-2: Foul Ball, location: 2F
1-2: Ball
2-2: Ground out 6-3 (Groundball, 6S)
Nathan Tanner to third
Batting: SHB Eiji Suzuki 0-0: Foul Ball, location: 2F
0-1: Fly out, F7 (Flyball, 78D)
Bottom of the 8th over - 0 run(s), 0 hit(s), 1 error(s), 1 left on base; D.C. 9 - Wizarding 7
TOP OF THE 9TH
D.C. Divided batting - Pitching for Wizarding Express : LHP Ming-jiang Wu
Batting: RHB Miguel Silva 0-0: Called Strike
0-1: Ball
1-1: Swinging Strike
1-2: Strikes out swinging
Batting: LHB Charles Mathes 0-0: Ball
1-0: Called Strike
1-1: SINGLE (Flyball, 89S)
Batting: RHB Lúcio López 0-0: Called Strike
0-1: Ball
1-1: Foul Ball, location: 2F
1-2: Strikes out swinging
Batting: SHB Félix Cruz Pickoff Throw to First - Out!
Top of the 9th over - 0 run(s), 1 hit(s), 0 error(s), 0 left on base; D.C. 9 - Wizarding 7
BOTTOM OF THE 9TH
Wizarding Express batting - Pitching for D.C. Divided : RHP Myron Snow
Pitching: RHP Gabriel Hidalgo
Batting: LHB Júlio Valentín 0-0: Ball
1-0: Foul Ball, location: 2F
1-1: Ground out 1-3 (Groundball, 13S)
Batting: RHB Rafael Arredondo 0-0: Ball
1-0: Foul Ball, location: 2F
1-1: Foul Ball, location: 2F
1-2: Ball
2-2: Foul Ball, location: 2F
2-2: Ball
3-2: SOLO HOME RUN (Line Drive, 7D), Distance : 367 ft
Pinch Hitting: LHB Emílio Sáenz 0-0: Ball
1-0: Ball
2-0: Foul Ball, location: 2F
2-1: Ball
3-1: Called Strike
3-2: Ground out U3 (Groundball, 3S)
Pinch Hitting: LHB Kyung-chor Pang 0-0: Ball
1-0: Called Strike
1-1: Ball
2-1: Swinging Strike
2-2: Ground out U3 (Groundball, 3)
Bottom of the 9th over - 1 run(s), 1 hit(s), 0 error(s), 0 left on base; D.C. 9 - Wizarding 8
This league is powered by Out of the Park Baseball, the baseball management simulation game for PC, Mac and Linux
Friday, July 8th, 2016 - OOTP Baseball 16.9 Build 39